 Dungeon Crawl Stone Soup version 0.23.2-30-g0e89c35649 (webtiles) character file.

Game seed: 15314754630657474610

982 Ivernyr the Magician (level 8, -2/58 HPs)
             Began as a Gnoll Wizard on June 18, 2019.
             Shot with an arrow by a centaur (10 damage)
             ... on level 5 of the Dungeon.
             The game lasted 00:20:52 (6311 turns).

Ivernyr the Magician (Gnoll Wizard)                 Turns: 6311, Time: 00:20:54

Health: -2/58      AC:  3    Str: 10    XL:     8   Next: 17%
Magic:  17/19      EV: 15    Int: 23    God:
Gold:   230        SH:  0    Dex: 13    Spells: 13/22 levels left

rFire    . . .     SeeInvis .   m - +4 quarterstaff (chaos)
rCold    . . .     Gourm    .   (shield currently unavailable)
rNeg     . . .     Faith    .   a - +0 robe
rPois    .         Spirit   .   o - +0 helmet
rElec    .         Reflect  .   (no cloak)
rCorr    .         Harm     .   (no gloves)
MR       .....                  (no boots)
Stlth    +++.......             r - amulet of regeneration
HPRegen  0.59/turn              (no ring)
MPRegen  0.16/turn              (no ring)

@: no status effects
A: distributed training, fangs 1, strong nose
a: no special abilities


You were on level 5 of the Dungeon.
You were not hungry.

You visited 1 branch of the dungeon, and saw 5 of its levels.

You collected 230 gold pieces.

Inventory:

Hand Weapons
 m - a +4 quarterstaff of chaos (weapon)
 n - a +0 trident
Armour
 a - a +0 robe (worn)
 o - a +0 helmet (worn)
Jewellery
 r - an amulet of regeneration (around neck)
Scrolls
 b - a scroll of random uselessness {unknown}
 e - 2 scrolls of amnesia
 g - a scroll of teleportation
 h - a scroll of immolation
 k - 4 scrolls of identify
 w - a scroll of remove curse
Potions
 c - 2 potions of haste {unknown}
 f - a potion of might {unknown}
 i - a potion of berserk rage {unknown}
 j - 2 potions of curing {unknown}
 l - a potion of ambrosia {unknown}
 p - a potion of invisibility {unknown}
 q - a potion of heal wounds {unknown}
 s - a potion of flight {unknown}
 u - a potion of brilliance {unknown}
 v - a potion of degeneration {unknown}
Comestibles
 d - 6 rations
 t - 2 chunks of flesh


   Skills:
 + Level 3.0 Fighting
 + Level 3.0 Short Blades
 + Level 3.0 Long Blades
 + Level 3.0 Axes
 + Level 3.0 Maces & Flails
 + Level 3.0 Polearms
 + Level 3.0 Staves
 + Level 3.0 Slings
 + Level 3.0 Bows
 + Level 3.0 Crossbows
 + Level 3.0 Throwing
 + Level 3.0 Armour
 + Level 5.5 Dodging
 + Level 5.2 Stealth
 + Level 3.0 Shields
 + Level 3.0 Unarmed Combat
 + Level 7.8 Spellcasting
 + Level 3.2 Conjurations
 + Level 2.4 Hexes
 + Level 2.4 Charms
 + Level 3.2 Summonings
 + Level 2.4 Necromancy
 + Level 3.2 Translocations
 + Level 2.4 Transmutations
 + Level 2.4 Fire Magic
 + Level 2.4 Ice Magic
 + Level 2.4 Air Magic
 + Level 2.4 Earth Magic
 + Level 2.4 Poison Magic
 + Level 3.2 Invocations
 + Level 3.0 Evocations


You had 13 spell levels left.
You knew the following spells:

 Your Spells              Type           Power        Failure   Level  Hunger
a - Magic Dart            Conj           ###.         1%          1    None
b - Blink                 Tloc           N/A          2%          2    None
c - Conjure Flame         Conj/Fire      ###.....     7%          3    None
d - Mephitic Cloud        Conj/Pois/Air  ###.....     7%          3    None

Your spell library contained the following spells:

 Spells                   Type           Power        Failure   Level  Hunger
 Call Imp                 Summ           ###.....     2%          2    None
 Slow                     Hex            ###.....     4%          2    None


Dungeon Overview and Level Annotations

Branches:
Dungeon (5/15)
 Temple: D:4-7

Altars:
Ashenzari
Elyvilon
Makhleb
Zin
The Shining One


Innate Abilities, Weirdness & Mutations

Your experience applies equally to all skills.
You have very sharp teeth.
Your uncanny sense of smell can sniff out nearby items.


Message History

You kill the giant cockroach!
The centaur unwields a +0 shortbow.
The centaur hits you. The orc hits you with a +0 mace. The centaur hits you.
You barely miss the centaur. The centaur misses you.
The orc closely misses you. The jackal bites you. The centaur hits you!
* * * LOW HITPOINT WARNING * * *
You barely miss the centaur. The orc closely misses you. The jackal bites you.
* * * LOW HITPOINT WARNING * * *
The centaur completely misses you.
You hit the centaur but do no damage. The centaur misses you.
The jackal misses you. The orc closely misses you. The centaur misses you.
The jackal bites you.
* * * LOW HITPOINT WARNING * * *
Casting: Mephitic Cloud (safe; 7% risk of failure)
Confirm with . or Enter, or press ? or * to list all spells.
You blink.
A frilled lizard comes into view.
The centaur wields a +0 shortbow.
The centaur shoots an arrow.
The arrow hits you!
You die...

. #....'......#......#..
..######...>..#......#..
..............#......#..
.......h......##'#####..
.......o§...............
.......c######..........
........'....#..........
........#h...#..........
.......@#h...#..........
.............#..........
.#....#.#....#########..
_............# #..
.#....#.#....# #..
.............# #..
........#l...# #..
........#....# #.. #..


You could see a centaur, an orc, a jackal and a frilled lizard.

Vanquished Creatures
  A necrophage (D:4)
  2 ogres
  A water moccasin zombie (D:5)
  A howler monkey (D:4)
  A crimson imp (D:4)
  Crazy Yiuf (D:2)
  5 orc wizards
  2 hounds (D:4)
  2 iguanas (D:4)
  Jessica (D:2)
  2 worker ants (D:4)
  A hound zombie (D:5)
  Robin (D:3)
  4 adders
  4 gnolls
  An adder skeleton (D:4)
  3 dart slugs
  3 worms
  5 leopard geckos
  11 orcs
  9 bats
  6 giant cockroaches
  23 goblins
  12 hobgoblins
  4 jackals
  3 quokkas
  A ball python (D:2)
  4 frilled lizards
  8 kobolds
  9 rats
131 creatures vanquished.

Vanquished Creatures (others)
  An adder skeleton (D:4)
1 creature vanquished.

Grand Total: 132 creatures vanquished

Notes
Turn   | Place    | Note
-------+----------+-------------------------------------------
     0 | D:1      | Ivernyr the Gnoll Wizard began the quest for the Orb.
     0 | D:1      | Reached XP level 1. HP: 13/13 MP: 8/8
   189 | D:1      | Noticed an ogre
   191 | D:1      | Noticed an ogre
   201 | D:1      | Noticed an ogre
   201 | D:1      | Noticed an ogre
   228 | D:1      | Reached XP level 2. HP: 19/19 MP: 7/10
   232 | D:1      | Learned a level 2 spell: Blink
   691 | D:1      | Reached XP level 3. HP: 25/25 MP: 3/11
   696 | D:1      | Learned a level 3 spell: Conjure Flame
   700 | D:1      | Learned a level 3 spell: Mephitic Cloud
  1237 | D:2      | Noticed Jessica
  1261 | D:2      | Killed Jessica
  1261 | D:2      | Reached skill level 1 in Fighting
  1261 | D:2      | Reached skill level 1 in Short Blades
  1261 | D:2      | Reached skill level 1 in Long Blades
  1261 | D:2      | Reached skill level 1 in Axes
  1261 | D:2      | Reached skill level 1 in Maces & Flails
  1261 | D:2      | Reached skill level 1 in Polearms
  1261 | D:2      | Reached skill level 1 in Staves
  1261 | D:2      | Reached skill level 1 in Slings
  1261 | D:2      | Reached skill level 1 in Bows
  1261 | D:2      | Reached skill level 1 in Crossbows
  1261 | D:2      | Reached skill level 1 in Throwing
  1261 | D:2      | Reached skill level 1 in Armour
  1261 | D:2      | Reached skill level 1 in Shields
  1261 | D:2      | Reached skill level 1 in Unarmed Combat
  1261 | D:2      | Reached skill level 1 in Invocations
  1261 | D:2      | Reached skill level 1 in Evocations
  1261 | D:2      | Reached XP level 4. HP: 6/32 MP: 5/13
  1732 | D:2      | Found a burning altar of Makhleb.
  1732 | D:2      | Noticed a green death
  1735 | D:2      | Noticed a ynoxinul
  1735 | D:2      | Noticed a smoke demon
  2314 | D:2      | Found a runed translucent door.
  2315 | D:2      | Noticed Crazy Yiuf
  2628 | D:2      | Killed Crazy Yiuf
  2628 | D:2      | Reached skill level 1 in Hexes
  2628 | D:2      | Reached skill level 1 in Charms
  2628 | D:2      | Reached skill level 1 in Necromancy
  2628 | D:2      | Reached skill level 1 in Transmutations
  2628 | D:2      | Reached skill level 1 in Fire Magic
  2628 | D:2      | Reached skill level 1 in Ice Magic
  2628 | D:2      | Reached skill level 1 in Air Magic
  2628 | D:2      | Reached skill level 1 in Earth Magic
  2628 | D:2      | Reached skill level 1 in Poison Magic
  2628 | D:2      | Reached XP level 5. HP: 7/37 MP: 2/14
  2974 | D:3      | Found a burning altar of Makhleb.
  3275 | D:3      | Found a glowing silver altar of Zin.
  3864 | D:3      | Reached XP level 6. HP: 31/44 MP: 11/16
  4250 | D:3      | Noticed Robin
  4389 | D:3      | Killed Robin
  4775 | D:4      | Reached skill level 5 in Dodging
  4826 | D:4      | Reached XP level 7. HP: 50/50 MP: 11/18
  5387 | D:4      | Reached skill level 5 in Stealth
  5954 | D:4      | Found a glowing golden altar of the Shining One.
  6017 | D:5      | Entered Level 5 of the Dungeon
  6051 | D:5      | Found a white marble altar of Elyvilon.
  6081 | D:5      | Reached XP level 8. HP: 51/57 MP: 13/19
  6293 | D:5      | Found a shattered altar of Ashenzari.
  6311 | D:5      | Shot with an arrow by a centaur

Skill      XL: |  1  2  3  4  5  6  7  8 |
---------------+-------------------------+-----
Conjurations   | 2 3 |  3.2
Summonings     | 2 3 |  3.2
Translocations | 2 3 |  3.2
Fighting       | 1 2 3 |  3.0
Short Blades   | 1 2 3 |  3.0
Long Blades    | 1 2 3 |  3.0
Axes           | 1 2 3 |  3.0
Maces & Flails | 1 2 3 |  3.0
Polearms       | 1 2 3 |  3.0
Staves         | 1 2 3 |  3.0
Slings         | 1 2 3 |  3.0
Bows           | 1 2 3 |  3.0
Crossbows      | 1 2 3 |  3.0
Throwing       | 1 2 3 |  3.0
Armour         | 1 2 3 |  3.0
Shields        | 1 2 3 |  3.0
Unarmed Combat | 1 2 3 |  3.0
Invocations    | 1 2 3 |  3.2
Evocations     | 1 2 3 |  3.0
Hexes          | 1 2 |  2.4
Charms         | 1 2 |  2.4
Necromancy     | 1 2 |  2.4
Transmutations | 1 2 |  2.4
Fire Magic     | 1 2 |  2.4
Ice Magic      | 1 2 |  2.4
Air Magic      | 1 2 |  2.4
Earth Magic    | 1 2 |  2.4
Poison Magic   | 1 2 |  2.4
Dodging        | 5 |  5.5
Stealth        | 5 |  5.2
Spellcasting   | |  7.8

Action                   |  1- 3 |  4- 6 |  7- 9 || total
-------------------------+-------+-------+-------++-------
Melee: Unarmed           |    26 |       |       ||    26
       Bite              |     4 |     4 |     6 ||    14
       Battleaxe         |       |     5 |       ||     5
       Quarterstaff      |       |    38 |    42 ||    80
 Cast: Magic Dart        |    63 |   144 |    70 ||   277
       Blink             |       |     4 |     1 ||     5
       Mephitic Cloud    |       |     3 |     1 ||     4
  Use: Scroll            |       |     5 |       ||     5
 Stab: Confused          |       |     1 |       ||     1
       Sleeping          |       |     1 |       ||     1
  Eat: Chunk             |       |    11 |     5 ||    16
Armor: Robe              |     3 |     4 |     6 ||    13
Dodge: Dodged            |    15 |    38 |    38 ||    91
